Demolitions vs Ice Dragons (R1)

Created - 17 octobre 2014 at 19:16

Goals
1 2 3 T
Demolitions 1 2 0 3
Ice Dragons 3 1 3 7
Shots
1 2 3 T
Demolitions 17 6 6 29
Ice Dragons 18 15 10 43

1st period

1. Ice Dragons , Kris Beech 5 (Boris Valabik, Raymond Sawada) at 0:46
2. Demolitions , Jordan LaVallee 7 (T.J. Hensick) at 7:21
3. Ice Dragons , Mats Zuccarello 9 (Martin Hanzal) at 17:16
4. Ice Dragons , Patrick O'Sullivan 5 (Troy Brouwer) at 18:08

Penalties :
Corban Knight (Vic) for High sticking (Minor) at 1:01

2nd period

5. Demolitions , Brandon Dubinsky 6 (Daniel Paille, Anthony Stewart) at 3:32
6. Ice Dragons , Shean Donovan 6 (John Mitchell, Kevin Klein) at 10:48
7. Demolitions , Petr Vrana 2 (Darren Helm, Chris Wideman) at 14:58

Penalties :
Seth Helgeson (Vic) for Holding (Minor) at 16:49

3rd period

8. Ice Dragons , Troy Brouwer 6 (Cal Clutterbuck, Patrick O'Sullivan) at 9:45 (PP)
9. Ice Dragons , Martin Hanzal 7 (Alexander Radulov) at 12:20 (PP)
10. Ice Dragons , Cal Clutterbuck 6 (Troy Brouwer, Shean Donovan) at 17:51

Penalties :
Seth Helgeson (Vic) for Hooking (Minor) at 9:29, Anton Babchuk (Vic) for Hooking (Minor) at 12:13, Troy Brouwer (Val) for Cross-checking (Minor) at 13:11, Seth Helgeson (Vic) for Roughing (Minor) at 18:47

Goalie Stats

Brent Krahn (Vic), 36 saves from 43 shots - (0,837), L, 0-6-0, 60:00 minutes
Justin Pogge (Val), 26 saves from 29 shots - (0,897), W, 2-1-0, 60:00 minutes

Players Stats for Demolitions

Player Name              G  A  P  +/- PIM S  H  SB GA TA FO     MP     PP MP  PK MP  
------------------------------------------------------------------------------------
Anssi Salmela            0  0  0  -3  0   1  0  2  0  2  0/0    20:05   0:39   2:24 
Anthony Stewart          0  1  1  -1  0   1  1  0  1  0  0/1    20:00   1:05   1:29 
Anton Babchuk            0  0  0   0  2   1  1  0  1  0  0/0    25:11   1:20   3:33 
Brad Richardson          0  0  0   1  0   2  3  0  0  1  0/0    15:39   0:54   1:29 
Brandon Dubinsky         1  0  1  -1  0   4  0  1  0  0  18/35  21:12   1:05   2:41 
Chris Wideman            0  1  1   1  0   0  1  1  0  0  0/0    16:10   0:00   1:10 
Corban Knight            0  0  0   0  2   1  1  0  0  0  1/4     9:18   0:00   0:41 
Daniel Paille            0  1  1  -1  0   6  0  1  1  0  1/2    21:13   1:05   2:42 
Darren Helm              0  1  1  -2  0   1  1  1  0  0  3/5    13:05   0:00   0:00 
Jordan LaVallee          1  0  1   1  0   2  1  0  1  0  0/2    15:32   0:54   1:15 
Konstantin Pushkarev     0  0  0  -2  0   3  2  0  0  1  0/0    14:01   0:00   0:49 
Peter Harrold            0  0  0  -1  0   2  2  3  1  1  0/0    25:20   0:00   2:37 
Petr Vrana               1  0  1  -2  0   2  0  2  0  0  0/0    13:05   0:00   0:00 
Robert Klinkhammer       0  0  0   0  0   1  1  1  0  0  0/0     8:34   0:00   0:00 
Seth Helgeson            0  0  0  -3  6   0  2  1  0  1  0/0    18:38   0:39   0:50 
Spencer Machacek         0  0  0   0  0   1  0  0  1  0  0/0     8:34   0:00   0:00 
T.J. Hensick             0  1  1   1  0   1  2  0  0  0  5/8    14:10   0:54   0:00 
Tim Erixon               0  0  0   2  0   0  0  3  0  1  0/0    14:35   1:20   0:32 

Players Stats for Ice Dragons

Player Name              G  A  P  +/- PIM S  H  SB GA TA FO     MP     PP MP  PK MP  
------------------------------------------------------------------------------------
Adam Pardy               0  0  0   2  0   2  0  2  0  2  0/0    25:04   2:30   1:11 
Alexander Radulov        0  1  1   0  0   3  0  0  0  0  1/2    20:24   3:01   0:00 
Boris Valabik            0  1  1   2  0   0  1  0  0  0  0/0    20:00   1:51   1:11 
Brayden McNabb           0  0  0  -1  0   0  0  0  0  0  0/0     5:50   0:00   0:00 
Cal Clutterbuck          1  1  2   0  0   6  1  0  2  0  0/0    17:39   2:08   0:24 
Danny Syvret             0  0  0  -1  0   0  0  0  0  0  0/0     7:09   0:31   0:48 
Frazer Mclaren           0  0  0   1  0   0  1  0  0  0  0/0     7:56   0:00   0:00 
John Mitchell            0  1  1   1  0   4  0  1  1  0  3/5     8:31   0:21   0:14 
Jonathan Blum            0  0  0   0  0   0  0  0  0  0  0/0    13:20   2:22   0:00 
Kevin Klein              0  1  1   1  0   1  1  1  0  0  0/0    22:41   3:11   0:48 
Kris Beech               1  0  1   1  0   2  2  0  0  3  2/4    12:57   0:00   0:55 
Martin Hanzal            1  1  2   0  0   2  1  0  1  0  16/35  20:56   3:03   0:32 
Mats Zuccarello          1  0  1   0  0   4  2  0  1  0  0/0    21:20   3:01   0:56 
Matt Walker              0  0  0   1  0   0  1  0  0  0  0/0    14:17   0:00   0:00 
Patrick O'Sullivan       1  1  2  -1  0   6  1  1  0  0  6/10   14:34   2:08   0:00 
Paul Bissonnette         0  0  0   1  0   3  2  0  1  0  0/0    12:56   0:21   0:33 
Raymond Sawada           0  1  1   1  0   1  0  0  0  0  0/0    12:26   0:24   0:00 
Shean Donovan            1  1  2   2  0   2  0  1  0  0  0/0    11:07   0:04   0:24 
Troy Brouwer             1  2  3   0  2   7  1  0  1  0  1/1    17:14   2:08   0:00 
Tyler Eckford            0  0  0   0  0   0  1  0  0  1  0/0    11:39   0:41   0:00 

3 Stars

1 - Shean Donovan (Val)
2 - Troy Brouwer (Val)
3 - Cal Clutterbuck (Val)

Power Play

Demolitions - 0 on 1 Attempt(s) - 0,00%
Ice Dragons - 2 on 5 Attempt(s) - 40,00%

Penalty Kill

Demolitions - 3 on 5 Attempt(s) - 60,00% - Score 0 goal in Penalty Kill
Ice Dragons - 1 on 1 Attempt(s) - 100,00% - Score 0 goal in Penalty Kill

Official

Referees : Pochmara Brian and Hebert Ghislain
Linesman : Pierre Racicot and Dan Schachte

Game Notes

No Game Note

Finance

Level 1 -- Attendance: 1548 (77,40%) -- Ticket Income 54 180 $
Level 2 -- Attendance: 744 (74,40%) -- Ticket Income 11 160 $
Total Attendance: 2292 (76,40%)
Total Ticket Income: 65 340 $
Other Income: 3 267 $
Total Income: 68 607 $

Demolitions

5 vs 5 Forward 
   Center                   Left Wing                Right Wing               Time % Phy DF OF 
 1 Brandon Dubinsky         Daniel Paille            Anthony Stewart          40     1   2  2  
 2 T.J. Hensick             Jordan LaVallee          Brad Richardson          30     1   2  2  
 3 Darren Helm              Petr Vrana               Konstantin Pushkarev     20     1   2  2  
 4 Corban Knight            Robert Klinkhammer       Spencer Machacek         10     1   2  2  

5 vs 5 Defense 
   Defense                  Defense                                           Time % Phy DF OF 
 1 Peter Harrold            Anton Babchuk                                     40     1   2  2  
 2 Anssi Salmela            Seth Helgeson                                     30     1   2  2  
 3 Tim Erixon               Chris Wideman                                     20     1   2  2  
 4 Peter Harrold            Anton Babchuk                                     10     1   2  2  

PowerPlay Forward 
   Center                   Left Wing                Right Wing               Time % Phy DF OF 
 1 Brandon Dubinsky         Daniel Paille            Anthony Stewart          60     1   2  2  
 2 T.J. Hensick             Jordan LaVallee          Brad Richardson          40     1   2  2  

PowerPlay Defense
   Defense                  Defense                                           Time % Phy DF OF 
 1 Tim Erixon               Anton Babchuk                                     60     1   2  2  
 2 Anssi Salmela            Seth Helgeson                                     40     1   2  2  

Penalty Kill 4 Players Forward 
   Center                   Wing                     Time % Phy DF OF 
 1 Brandon Dubinsky         Daniel Paille            60     1   2  2  
 2 Anthony Stewart          Brad Richardson          40     1   2  2  

Penalty Kill 4 Players Defense
   Defense                  Defense                  Time % Phy DF OF 
 1 Peter Harrold            Anton Babchuk            60     1   2  2  
 2 Anssi Salmela            Seth Helgeson            40     1   2  2  

Penalty Kill - 3 Players Forward 
   Forward                                           Time % Phy DF OF 
 1 Brandon Dubinsky                                  60     1   2  2  
 2 Daniel Paille                                     40     1   2  2  

Penalty Kill - 3 Players Defense
   Defense                  Defense                  Time % Phy DF OF 
 1 Peter Harrold            Anton Babchuk            60     1   2  2  
 2 Anssi Salmela            Seth Helgeson            40     1   2  2  

4 vs 4 Forward 
   Center                   Wing                     Time % Phy DF OF 
 1 Brandon Dubinsky         Daniel Paille            60     1   2  2  
 2 Anthony Stewart          Brad Richardson          40     1   2  2  

4 vs 4 Defense
   Defense                  Defense                  Time % Phy DF OF 
 1 Peter Harrold            Anton Babchuk            60     1   2  2  
 2 Anssi Salmela            Seth Helgeson            40     1   2  2  

Last Minutes Offensive
   Center                   Left Wing                Right Wing               Defense                  Defense                  
   Brandon Dubinsky         Daniel Paille            Anthony Stewart          Peter Harrold            Anton Babchuk            

Last Minutes Defensive
   Center                   Left Wing                Right Wing               Defense                  Defense                  
   Brandon Dubinsky         Daniel Paille            Anthony Stewart          Peter Harrold            Anton Babchuk            

Goaltenders
Starting : Brent Krahn              
Backup : Chad Johnson             

Extra Forwards
Normal : Darren Helm, Petr Vrana, Konstantin Pushkarev - PP : Darren Helm, Petr Vrana - PK : Konstantin Pushkarev
Extra Defensemen
Normal : Tim Erixon, Chris Wideman, Anssi Salmela - PP : Tim Erixon - PK : Chris Wideman, Anssi Salmela
Penalty Shots
Brandon Dubinsky, Daniel Paille, Anthony Stewart, Brad Richardson, T.J. Hensick

Ice Dragons

5 vs 5 Forward 
   Center                   Left Wing                Right Wing               Time % Phy DF OF 
 1 Martin Hanzal            Mats Zuccarello          Alexander Radulov        39     0   2  3  
 2 Patrick O'Sullivan       Troy Brouwer             Cal Clutterbuck          28     0   2  3  
 3 Kris Beech               Paul Bissonnette         Raymond Sawada           25     1   2  2  
 4 John Mitchell            Frazer Mclaren           Shean Donovan            8      1   3  1  

5 vs 5 Defense 
   Defense                  Defense                                           Time % Phy DF OF 
 1 Adam Pardy               Kevin Klein                                       40     0   2  3  
 2 Matt Walker              Boris Valabik                                     30     0   2  3  
 3 Tyler Eckford            Jonathan Blum                                     20     1   3  1  
 4 Brayden McNabb           Danny Syvret                                      10     1   3  1  

PowerPlay Forward 
   Center                   Left Wing                Right Wing               Time % Phy DF OF 
 1 Martin Hanzal            Mats Zuccarello          Alexander Radulov        60     1   1  3  
 2 Patrick O'Sullivan       Troy Brouwer             Cal Clutterbuck          40     1   1  3  

PowerPlay Defense
   Defense                  Defense                                           Time % Phy DF OF 
 1 Adam Pardy               Kevin Klein                                       60     0   2  3  
 2 Jonathan Blum            Boris Valabik                                     40     0   2  3  

Penalty Kill 4 Players Forward 
   Center                   Wing                     Time % Phy DF OF 
 1 Kris Beech               Mats Zuccarello          60     1   4  0  
 2 Cal Clutterbuck          Shean Donovan            40     1   4  0  

Penalty Kill 4 Players Defense
   Defense                  Defense                  Time % Phy DF OF 
 1 Adam Pardy               Boris Valabik            60     1   4  0  
 2 Kevin Klein              Danny Syvret             40     1   4  0  

Penalty Kill - 3 Players Forward 
   Forward                                           Time % Phy DF OF 
 1 Kris Beech                                        60     0   5  0  
 2 Shean Donovan                                     40     0   5  0  

Penalty Kill - 3 Players Defense
   Defense                  Defense                  Time % Phy DF OF 
 1 Adam Pardy               Boris Valabik            60     0   5  0  
 2 Kevin Klein              Danny Syvret             40     0   5  0  

4 vs 4 Forward 
   Center                   Wing                     Time % Phy DF OF 
 1 Patrick O'Sullivan       Kris Beech               60     0   2  3  
 2 Mats Zuccarello          Troy Brouwer             40     0   2  3  

4 vs 4 Defense
   Defense                  Defense                  Time % Phy DF OF 
 1 Kevin Klein              Jonathan Blum            60     1   3  1  
 2 Danny Syvret             Boris Valabik            40     1   3  1  

Last Minutes Offensive
   Center                   Left Wing                Right Wing               Defense                  Defense                  
   Martin Hanzal            Mats Zuccarello          Alexander Radulov        Adam Pardy               Kevin Klein              

Last Minutes Defensive
   Center                   Left Wing                Right Wing               Defense                  Defense                  
   Kris Beech               Mats Zuccarello          Shean Donovan            Adam Pardy               Boris Valabik            

Goaltenders
Starting : Justin Pogge             
Backup : Anders Nilsson           

Extra Forwards
Normal : Troy Brouwer, Patrick O'Sullivan, Cal Clutterbuck - PP : Mats Zuccarello, Shean Donovan - PK : Martin Hanzal
Extra Defensemen
Normal : Tyler Eckford, Jonathan Blum, Brayden McNabb - PP : Tyler Eckford - PK : Jonathan Blum, Brayden McNabb
Penalty Shots
Martin Hanzal, Troy Brouwer, Alexander Radulov, Mats Zuccarello, Cal Clutterbuck

% Time on Ice - Demolitions

Lines # - Real PCT - Wanted PCT - Time Play
Normal Forward
1 - 33% - 40% - 17:33
2 - 25% - 30% - 13:16
3 - 25% - 20% - 13:05
4 - 16% - 10% - 8:34
Normal Defense
1 - 39% - 40% - 20:16
2 - 33% - 30% - 17:09
3 - 24% - 20% - 12:35
4 - 5% - 10% - 2:28
PP Forward
1 - 55% - 60% - 1:05
2 - 45% - 40% - 0:54
PP Defense
1 - 67% - 60% - 1:20
2 - 33% - 40% - 0:39
PK Forward
1 - 73% - 60% - 4:04
2 - 27% - 40% - 1:29
PK Defense
1 - 67% - 60% - 3:42
2 - 33% - 40% - 1:51
PK3 Forward
1 - 0% - 60%
2 - 0% - 40%
PK3 Defense
1 - 0% - 60%
2 - 0% - 40%
44 Forward
1 - 0% - 60%
2 - 0% - 40%
44 Defense
1 - 0% - 60%
2 - 0% - 40%
Last Minute Offensive  - 0:00
Last Minute Defensive  - 0:00
Total
Forward - 60:00
Defense - 60:00

% Time on Ice - Ice Dragons

Lines # - Real PCT - Wanted PCT - Time Play
Normal Forward
1 - 33% - 39% - 17:23
2 - 29% - 28% - 15:07
3 - 23% - 25% - 12:02
4 - 15% - 8% - 7:56
Normal Defense
1 - 41% - 40% - 21:23
2 - 27% - 30% - 14:17
3 - 21% - 20% - 10:58
4 - 11% - 10% - 5:50
PP Forward
1 - 62% - 60% - 3:25
2 - 38% - 40% - 2:08
PP Defense
1 - 57% - 60% - 3:11
2 - 43% - 40% - 2:22
PK Forward
1 - 80% - 60% - 1:35
2 - 20% - 40% - 0:24
PK Defense
1 - 60% - 60% - 1:11
2 - 40% - 40% - 0:48
PK3 Forward
1 - 0% - 60%
2 - 0% - 40%
PK3 Defense
1 - 0% - 60%
2 - 0% - 40%
44 Forward
1 - 0% - 60%
2 - 0% - 40%
44 Defense
1 - 0% - 60%
2 - 0% - 40%
Last Minute Offensive  - 0:00
Last Minute Defensive  - 0:00
Total
Forward - 60:00
Defense - 60:00

Play by Play

1st period


0:01 of 1st period - Brandon Dubinsky wins face-off versus Martin Hanzal in neutral zone.
0:01 of 1st period - Brandon Dubinsky is hit by Martin Hanzal.
0:36 of 1st period - Slapshot by Troy Brouwer.
0:36 of 1st period - Deflect By Cal Clutterbuck.
0:36 of 1st period - Shot Misses the Net.
0:36 of 1st period - Puck is out of play.
0:37 of 1st period - Kris Beech wins face-off versus Darren Helm in Demolitions zone.
0:46 of 1st period - Snap shot by Kris Beech.
0:46 of 1st period - Goal by Kris Beech - Demolitions : 0 - Ice Dragons : 1.
0:47 of 1st period - John Mitchell wins face-off versus Corban Knight in neutral zone.
0:52 of 1st period - Snap shot by John Mitchell.
0:52 of 1st period - Stopped by Brent Krahn without a rebound.
0:53 of 1st period - John Mitchell wins face-off versus Corban Knight in Demolitions zone.
0:54 of 1st period - Slapshot by Shean Donovan.
0:54 of 1st period - Deflect By Frazer Mclaren.
0:54 of 1st period - Shot Blocked by Tim Erixon.
0:54 of 1st period - Puck is out of play.
0:55 of 1st period - John Mitchell wins face-off versus Corban Knight in Demolitions zone.
1:01 of 1st period - Minor Penalty to Corban Knight for High sticking.
1:02 of 1st period - Brandon Dubinsky wins face-off versus Martin Hanzal in Demolitions zone.
3:01 of 1st period - Penalty to Corban Knight is over, Corban Knight is back on ice.
3:12 of 1st period - Paul Bissonnette is hit by Corban Knight and loses puck.
4:32 of 1st period - Wrist shot by Robert Klinkhammer.
4:32 of 1st period - Stopped by Justin Pogge without a rebound.
4:33 of 1st period - Brandon Dubinsky wins face-off versus Martin Hanzal in Ice Dragons zone.
4:42 of 1st period - Slapshot by Daniel Paille.
4:42 of 1st period - Stopped by Justin Pogge without a rebound.
4:43 of 1st period - Martin Hanzal wins face-off versus Brandon Dubinsky in Ice Dragons zone.
5:04 of 1st period - Snap shot by Daniel Paille.
5:04 of 1st period - Shot Misses the Net.
5:06 of 1st period - Slapshot by Peter Harrold.
5:06 of 1st period - Stopped by Justin Pogge with a rebound.
5:08 of 1st period - Snap shot by Daniel Paille.
5:08 of 1st period - Stopped by Justin Pogge with a rebound.
5:10 of 1st period - Snap shot by Daniel Paille.
5:10 of 1st period - Stopped by Justin Pogge with a rebound.
5:12 of 1st period - Wrist shot by Daniel Paille.
5:12 of 1st period - Shot Hit the Post.
5:14 of 1st period - Snap shot by Anthony Stewart.
5:14 of 1st period - Stopped by Justin Pogge without a rebound.
5:15 of 1st period - Patrick O'Sullivan wins face-off versus Jordan LaVallee in Ice Dragons zone.
5:15 of 1st period - Patrick O'Sullivan is hit by Brad Richardson.
6:22 of 1st period - Slapshot by Brad Richardson.
6:22 of 1st period - Stopped by Justin Pogge with a rebound.
7:21 of 1st period - Snap shot by Jordan LaVallee.
7:21 of 1st period - Goal by Jordan LaVallee - Demolitions : 1 - Ice Dragons : 1.
7:22 of 1st period - Martin Hanzal wins face-off versus Brandon Dubinsky in neutral zone.
7:27 of 1st period - Wrist shot by Martin Hanzal.
7:27 of 1st period - Shot Blocked by Daniel Paille.
7:47 of 1st period - Kevin Klein is hit by Seth Helgeson and loses puck.
8:51 of 1st period - Wrist shot by Daniel Paille.
8:51 of 1st period - Stopped by Justin Pogge with a rebound.
8:53 of 1st period - Wrist shot by Brandon Dubinsky.
8:53 of 1st period - Stopped by Justin Pogge without a rebound.
8:54 of 1st period - Troy Brouwer wins face-off versus Brandon Dubinsky in Ice Dragons zone.
9:05 of 1st period - Wrist shot by Troy Brouwer.
9:05 of 1st period - Stopped by Brent Krahn with a rebound.
9:19 of 1st period - Mats Zuccarello is hit by Brad Richardson and loses puck.
11:01 of 1st period - Paul Bissonnette is hit by Konstantin Pushkarev and loses puck.
11:32 of 1st period - Snap shot by Cal Clutterbuck.
11:32 of 1st period - Stopped by Brent Krahn with a rebound.
11:42 of 1st period - Peter Harrold is hit by Frazer Mclaren and loses puck.
12:47 of 1st period - Slapshot by Daniel Paille.
12:47 of 1st period - Stopped by Justin Pogge without a rebound.
12:48 of 1st period - T.J. Hensick wins face-off versus Martin Hanzal in Ice Dragons zone.
13:25 of 1st period - Anthony Stewart is hit by Troy Brouwer and loses puck.
13:58 of 1st period - Matt Walker is hit by Robert Klinkhammer.
15:01 of 1st period - Wrist shot by Darren Helm.
15:01 of 1st period - Deflect By Petr Vrana.
15:01 of 1st period - Shot Misses the Net.
15:01 of 1st period - Puck is out of play.
15:02 of 1st period - Darren Helm wins face-off versus Martin Hanzal in Ice Dragons zone.
15:03 of 1st period - Snap shot by Konstantin Pushkarev.
15:03 of 1st period - Stopped by Justin Pogge with a rebound.
15:05 of 1st period - Backhand shot by Petr Vrana.
15:05 of 1st period - Stopped by Justin Pogge without a rebound.
15:06 of 1st period - Martin Hanzal wins face-off versus Darren Helm in Ice Dragons zone.
16:23 of 1st period - Snap shot by Kris Beech.
16:23 of 1st period - Deflect By Raymond Sawada.
16:23 of 1st period - Stopped by Brent Krahn with a rebound.
16:25 of 1st period - Wrist shot by Kris Beech.
16:25 of 1st period - Stopped by Brent Krahn without a rebound.
16:26 of 1st period - Brandon Dubinsky wins face-off versus Martin Hanzal in Demolitions zone.
16:53 of 1st period - Snap shot by Patrick O'Sullivan.
16:53 of 1st period - Stopped by Brent Krahn without a rebound.
16:54 of 1st period - T.J. Hensick wins face-off versus Patrick O'Sullivan in Demolitions zone.
17:07 of 1st period - Slapshot by T.J. Hensick.
17:07 of 1st period - Deflect By Jordan LaVallee.
17:07 of 1st period - Shot Misses the Net.
17:07 of 1st period - Puck is out of play.
17:08 of 1st period - Martin Hanzal wins face-off versus Daniel Paille in Ice Dragons zone.
17:08 of 1st period - Martin Hanzal is hit by Anthony Stewart.
17:14 of 1st period - Snap shot by Mats Zuccarello.
17:14 of 1st period - Stopped by Brent Krahn without a rebound.
17:15 of 1st period - Martin Hanzal wins face-off versus Brandon Dubinsky in Demolitions zone.
17:16 of 1st period - Wrist shot by Mats Zuccarello.
17:16 of 1st period - Goal by Mats Zuccarello - Demolitions : 1 - Ice Dragons : 2.
17:17 of 1st period - Martin Hanzal wins face-off versus Brandon Dubinsky in neutral zone.
17:26 of 1st period - Kevin Klein is hit by Anton Babchuk and loses puck.
17:58 of 1st period - Wrist shot by Alexander Radulov.
17:58 of 1st period - Stopped by Brent Krahn without a rebound.
17:59 of 1st period - Patrick O'Sullivan wins face-off versus Brandon Dubinsky in Demolitions zone.
18:00 of 1st period - Slapshot by Troy Brouwer.
18:00 of 1st period - Stopped by Brent Krahn with a rebound.
18:02 of 1st period - Wrist shot by Patrick O'Sullivan.
18:02 of 1st period - Stopped by Brent Krahn with a rebound.
18:04 of 1st period - Wrist shot by Patrick O'Sullivan.
18:04 of 1st period - Stopped by Brent Krahn with a rebound.
18:06 of 1st period - Backhand shot by Troy Brouwer.
18:06 of 1st period - Stopped by Brent Krahn with a rebound.
18:08 of 1st period - Wrist shot by Patrick O'Sullivan.
18:08 of 1st period - Goal by Patrick O'Sullivan - Demolitions : 1 - Ice Dragons : 3.
18:09 of 1st period - Martin Hanzal wins face-off versus Brandon Dubinsky in neutral zone.
18:14 of 1st period - Snap shot by Alexander Radulov.
18:14 of 1st period - Shot Misses the Net.
18:16 of 1st period - Snap shot by Alexander Radulov.
18:16 of 1st period - Stopped by Brent Krahn with a rebound.
18:18 of 1st period - Snap shot by Alexander Radulov.
18:18 of 1st period - Stopped by Brent Krahn with a rebound.
18:20 of 1st period - Slapshot by Adam Pardy.
18:20 of 1st period - Deflect By Peter Harrold.
18:20 of 1st period - Stopped by Brent Krahn with a rebound.
18:22 of 1st period - Snap shot by Alexander Radulov.
18:22 of 1st period - Shot Hit the Post.
18:34 of 1st period - Brad Richardson is hit by Cal Clutterbuck and loses puck.
18:53 of 1st period - Slapshot by Anton Babchuk.
18:53 of 1st period - Shot Misses the Net.
18:55 of 1st period - Slapshot by Anton Babchuk.
18:55 of 1st period - Stopped by Justin Pogge with a rebound.
18:57 of 1st period - Slapshot by Peter Harrold.
18:57 of 1st period - Stopped by Justin Pogge with a rebound.
19:17 of 1st period - Wrist shot by Spencer Machacek.
19:17 of 1st period - Deflect By Shean Donovan.
19:17 of 1st period - Stopped by Justin Pogge without a rebound.
19:18 of 1st period - Corban Knight wins face-off versus John Mitchell in Ice Dragons zone.
19:43 of 1st period - Wrist shot by T.J. Hensick.
19:43 of 1st period - Deflect By Brad Richardson.
19:43 of 1st period - Stopped by Justin Pogge without a rebound.
19:44 of 1st period - Martin Hanzal wins face-off versus T.J. Hensick in Ice Dragons zone.
Goals for this period are 1 for Demolitions vs 3 for Ice Dragons.
Shots for this period are 17 for Demolitions vs 18 for Ice Dragons.

2nd period


0:01 of 2nd period - Martin Hanzal wins face-off versus Brandon Dubinsky in neutral zone.
0:04 of 2nd period - Wrist shot by Mats Zuccarello.
0:04 of 2nd period - Stopped by Brent Krahn with a rebound.
0:26 of 2nd period - Patrick O'Sullivan is hit by Brad Richardson and loses puck.
0:33 of 2nd period - Slapshot by T.J. Hensick.
0:33 of 2nd period - Stopped by Justin Pogge with a rebound.
1:06 of 2nd period - Snap shot by Mats Zuccarello.
1:06 of 2nd period - Shot Misses the Net.
3:16 of 2nd period - Slapshot by Cal Clutterbuck.
3:16 of 2nd period - Stopped by Brent Krahn without a rebound.
3:17 of 2nd period - Patrick O'Sullivan wins face-off versus Brandon Dubinsky in Demolitions zone.
3:18 of 2nd period - Wrist shot by Cal Clutterbuck.
3:18 of 2nd period - Shot Misses the Net.
3:32 of 2nd period - Wrist shot by Brandon Dubinsky.
3:32 of 2nd period - Goal by Brandon Dubinsky - Demolitions : 2 - Ice Dragons : 3.
3:33 of 2nd period - Brandon Dubinsky wins face-off versus Martin Hanzal in neutral zone.
3:58 of 2nd period - Anton Babchuk is hit by Paul Bissonnette and loses puck.
4:33 of 2nd period - Backhand shot by Corban Knight.
4:33 of 2nd period - Stopped by Justin Pogge with a rebound.
4:35 of 2nd period - Snap shot by Chris Wideman.
4:35 of 2nd period - Deflect By Corban Knight.
4:35 of 2nd period - Shot Blocked by Kevin Klein.
4:35 of 2nd period - Puck is out of play.
4:36 of 2nd period - Martin Hanzal wins face-off versus Brandon Dubinsky in Ice Dragons zone.
5:01 of 2nd period - T.J. Hensick is hit by Patrick O'Sullivan and loses puck.
5:12 of 2nd period - Snap shot by Brad Richardson.
5:12 of 2nd period - Deflect By T.J. Hensick.
5:12 of 2nd period - Shot Misses the Net.
5:12 of 2nd period - Puck is out of play.
5:13 of 2nd period - Brandon Dubinsky wins face-off versus Alexander Radulov in Ice Dragons zone.
5:20 of 2nd period - Wrist shot by Brandon Dubinsky.
5:20 of 2nd period - Stopped by Justin Pogge without a rebound.
5:21 of 2nd period - Daniel Paille wins face-off versus Martin Hanzal in Ice Dragons zone.
5:24 of 2nd period - Snap shot by Anthony Stewart.
5:24 of 2nd period - Shot Misses the Net.
5:36 of 2nd period - Wrist shot by Alexander Radulov.
5:36 of 2nd period - Shot Misses the Net.
7:10 of 2nd period - Snap shot by Shean Donovan.
7:10 of 2nd period - Stopped by Brent Krahn with a rebound.
7:12 of 2nd period - Wrist shot by Shean Donovan.
7:12 of 2nd period - Shot Blocked by Tim Erixon.
7:14 of 2nd period - Backhand shot by Adam Pardy.
7:14 of 2nd period - Shot Blocked by Chris Wideman.
7:16 of 2nd period - Slapshot by Adam Pardy.
7:16 of 2nd period - Deflect By John Mitchell.
7:16 of 2nd period - Stopped by Brent Krahn with a rebound.
7:18 of 2nd period - Snap shot by Kevin Klein.
7:18 of 2nd period - Shot Blocked by Tim Erixon.
7:28 of 2nd period - Tim Erixon is hit by Kris Beech and loses puck.
7:35 of 2nd period - Wrist shot by Paul Bissonnette.
7:35 of 2nd period - Stopped by Brent Krahn with a rebound.
7:37 of 2nd period - Wrist shot by Paul Bissonnette.
7:37 of 2nd period - Deflect By Kris Beech.
7:37 of 2nd period - Shot Misses the Net.
7:37 of 2nd period - Puck is out of play.
7:38 of 2nd period - Brandon Dubinsky wins face-off versus Martin Hanzal in Demolitions zone.
8:07 of 2nd period - Snap shot by Patrick O'Sullivan.
8:07 of 2nd period - Stopped by Brent Krahn with a rebound.
8:31 of 2nd period - Slapshot by Kevin Klein.
8:31 of 2nd period - Deflect By Paul Bissonnette.
8:31 of 2nd period - Stopped by Brent Krahn without a rebound.
8:32 of 2nd period - Martin Hanzal wins face-off versus Brandon Dubinsky in Demolitions zone.
8:39 of 2nd period - Wrist shot by Martin Hanzal.
8:39 of 2nd period - Stopped by Brent Krahn with a rebound.
8:41 of 2nd period - Wrist shot by Martin Hanzal.
8:41 of 2nd period - Deflect By Alexander Radulov.
8:41 of 2nd period - Shot Blocked by Peter Harrold.
8:41 of 2nd period - Puck is out of play.
8:42 of 2nd period - Brandon Dubinsky wins face-off versus Martin Hanzal in Demolitions zone.
8:53 of 2nd period - Wrist shot by Anthony Stewart.
8:53 of 2nd period - Shot Blocked by Adam Pardy.
9:07 of 2nd period - Snap shot by Mats Zuccarello.
9:07 of 2nd period - Shot Misses the Net.
9:09 of 2nd period - Slapshot by Kevin Klein.
9:09 of 2nd period - Stopped by Brent Krahn without a rebound.
9:10 of 2nd period - Patrick O'Sullivan wins face-off versus Jordan LaVallee in Demolitions zone.
9:13 of 2nd period - Snap shot by Troy Brouwer.
9:13 of 2nd period - Shot Blocked by Anssi Salmela.
9:25 of 2nd period - Snap shot by Troy Brouwer.
9:25 of 2nd period - Stopped by Brent Krahn without a rebound.
9:26 of 2nd period - Martin Hanzal wins face-off versus Brandon Dubinsky in Demolitions zone.
9:27 of 2nd period - Wrist shot by Mats Zuccarello.
9:27 of 2nd period - Shot Blocked by Brandon Dubinsky.
9:53 of 2nd period - Jonathan Blum is hit by Jordan LaVallee and loses puck.
10:26 of 2nd period - Snap shot by Paul Bissonnette.
10:26 of 2nd period - Stopped by Brent Krahn with a rebound.
10:48 of 2nd period - Wrist shot by Shean Donovan.
10:48 of 2nd period - Goal by Shean Donovan - Demolitions : 2 - Ice Dragons : 4.
10:49 of 2nd period - Brandon Dubinsky wins face-off versus Martin Hanzal in neutral zone.
11:23 of 2nd period - Slapshot by Cal Clutterbuck.
11:23 of 2nd period - Stopped by Brent Krahn with a rebound.
12:03 of 2nd period - Slapshot by Anssi Salmela.
12:03 of 2nd period - Shot Misses the Net.
12:05 of 2nd period - Slapshot by Seth Helgeson.
12:05 of 2nd period - Shot Blocked by John Mitchell.
12:25 of 2nd period - Snap shot by Mats Zuccarello.
12:25 of 2nd period - Stopped by Brent Krahn with a rebound.
12:27 of 2nd period - Slapshot by Matt Walker.
12:27 of 2nd period - Shot Blocked by Seth Helgeson.
13:39 of 2nd period - Jonathan Blum is hit by Peter Harrold and loses puck.
14:04 of 2nd period - Snap shot by Cal Clutterbuck.
14:04 of 2nd period - Stopped by Brent Krahn with a rebound.
14:18 of 2nd period - Kris Beech is hit by Darren Helm and loses puck.
14:47 of 2nd period - Snap shot by Shean Donovan.
14:47 of 2nd period - Shot Blocked by Petr Vrana.
14:58 of 2nd period - Snap shot by Petr Vrana.
14:58 of 2nd period - Goal by Petr Vrana - Demolitions : 3 - Ice Dragons : 4.
14:59 of 2nd period - Martin Hanzal wins face-off versus Anthony Stewart in neutral zone.
15:33 of 2nd period - Patrick O'Sullivan is hit by Seth Helgeson and loses puck.
15:41 of 2nd period - Icing by Patrick O'Sullivan.
15:42 of 2nd period - Darren Helm wins face-off versus Kris Beech in Ice Dragons zone.
16:15 of 2nd period - Wrist shot by Cal Clutterbuck.
16:15 of 2nd period - Shot Blocked by Peter Harrold.
16:17 of 2nd period - Wrist shot by Matt Walker.
16:17 of 2nd period - Shot Misses the Net.
16:19 of 2nd period - Slapshot by Boris Valabik.
16:19 of 2nd period - Shot Blocked by Petr Vrana.
16:32 of 2nd period - Off-side.
16:33 of 2nd period - Brandon Dubinsky wins face-off versus Martin Hanzal in neutral zone.
16:42 of 2nd period - Wrist shot by Brandon Dubinsky.
16:42 of 2nd period - Stopped by Justin Pogge with a rebound.
16:49 of 2nd period - Minor Penalty to Seth Helgeson for Holding.
16:50 of 2nd period - Martin Hanzal wins face-off versus Brandon Dubinsky in Demolitions zone.
18:00 of 2nd period - Chris Wideman is hit by Boris Valabik and loses puck.
18:49 of 2nd period - Penalty to Seth Helgeson is over, Seth Helgeson is back on ice.
19:04 of 2nd period - Corban Knight is hit by Paul Bissonnette and loses puck.
Goals for this period are 2 for Demolitions vs 1 for Ice Dragons.
Shots for this period are 6 for Demolitions vs 15 for Ice Dragons.

3rd period


0:01 of 3rd period - Brandon Dubinsky wins face-off versus Martin Hanzal in neutral zone.
0:32 of 3rd period - Backhand shot by Troy Brouwer.
0:32 of 3rd period - Stopped by Brent Krahn with a rebound.
1:10 of 3rd period - Slapshot by Anton Babchuk.
1:10 of 3rd period - Shot Misses the Net.
1:34 of 3rd period - Snap shot by Troy Brouwer.
1:34 of 3rd period - Shot Misses the Net.
1:36 of 3rd period - Slapshot by Jonathan Blum.
1:36 of 3rd period - Deflect By Patrick O'Sullivan.
1:36 of 3rd period - Stopped by Brent Krahn with a rebound.
1:38 of 3rd period - Snap shot by Troy Brouwer.
1:38 of 3rd period - Shot Misses the Net.
1:48 of 3rd period - Jordan LaVallee is hit by Mats Zuccarello.
2:12 of 3rd period - Shean Donovan is hit by Konstantin Pushkarev and loses puck.
2:19 of 3rd period - Wrist shot by Konstantin Pushkarev.
2:19 of 3rd period - Stopped by Justin Pogge with a rebound.
2:21 of 3rd period - Snap shot by Konstantin Pushkarev.
2:21 of 3rd period - Stopped by Justin Pogge with a rebound.
3:01 of 3rd period - Wrist shot by Anssi Salmela.
3:01 of 3rd period - Stopped by Justin Pogge with a rebound.
3:07 of 3rd period - Spencer Machacek is hit by Matt Walker and loses puck.
3:24 of 3rd period - Wrist shot by Martin Hanzal.
3:24 of 3rd period - Shot Misses the Net.
3:28 of 3rd period - Wrist shot by Mats Zuccarello.
3:28 of 3rd period - Shot Blocked by Robert Klinkhammer.
4:04 of 3rd period - Slapshot by Daniel Paille.
4:04 of 3rd period - Stopped by Justin Pogge without a rebound.
4:05 of 3rd period - Martin Hanzal wins face-off versus Brandon Dubinsky in Ice Dragons zone.
4:05 of 3rd period - Martin Hanzal is hit by Chris Wideman.
4:10 of 3rd period - Icing by Mats Zuccarello.
4:11 of 3rd period - Brandon Dubinsky wins face-off versus Martin Hanzal in Ice Dragons zone.
4:49 of 3rd period - Snap shot by Daniel Paille.
4:49 of 3rd period - Shot Misses the Net.
5:21 of 3rd period - Icing by Brandon Dubinsky.
5:22 of 3rd period - Brandon Dubinsky wins face-off versus Patrick O'Sullivan in Demolitions zone.
5:44 of 3rd period - Wrist shot by Anthony Stewart.
5:44 of 3rd period - Shot Misses the Net.
5:46 of 3rd period - Slapshot by Tim Erixon.
5:46 of 3rd period - Deflect By Brandon Dubinsky.
5:46 of 3rd period - Shot Misses the Net.
5:46 of 3rd period - Puck is out of play.
5:47 of 3rd period - Kris Beech wins face-off versus T.J. Hensick in Ice Dragons zone.
5:59 of 3rd period - Tyler Eckford is hit by T.J. Hensick and loses puck.
6:12 of 3rd period - Anton Babchuk is hit by Tyler Eckford and loses puck.
6:18 of 3rd period - Icing by Anton Babchuk.
6:19 of 3rd period - Darren Helm wins face-off versus Patrick O'Sullivan in Demolitions zone.
6:40 of 3rd period - Snap shot by Petr Vrana.
6:40 of 3rd period - Shot Misses the Net.
7:49 of 3rd period - Slapshot by Adam Pardy.
7:49 of 3rd period - Shot Hit the Post.
7:51 of 3rd period - Slapshot by Cal Clutterbuck.
7:51 of 3rd period - Shot Misses the Net.
7:53 of 3rd period - Snap shot by Troy Brouwer.
7:53 of 3rd period - Stopped by Brent Krahn without a rebound.
7:54 of 3rd period - T.J. Hensick wins face-off versus Martin Hanzal in Demolitions zone.
7:59 of 3rd period - Matt Walker is hit by T.J. Hensick and loses puck.
8:24 of 3rd period - Snap shot by Robert Klinkhammer.
8:24 of 3rd period - Shot Misses the Net.
9:29 of 3rd period - Minor Penalty to Seth Helgeson for Hooking.
9:30 of 3rd period - Patrick O'Sullivan wins face-off versus Brandon Dubinsky in Demolitions zone.
9:45 of 3rd period - Wrist shot by Troy Brouwer.
9:45 of 3rd period - Goal by Troy Brouwer - Demolitions : 3 - Ice Dragons : 5.
9:46 of 3rd period - Brandon Dubinsky wins face-off versus Martin Hanzal in neutral zone.
10:01 of 3rd period - Slapshot by Martin Hanzal.
10:01 of 3rd period - Deflect By Mats Zuccarello.
10:01 of 3rd period - Shot Blocked by Peter Harrold.
10:01 of 3rd period - Puck is out of play.
10:02 of 3rd period - Patrick O'Sullivan wins face-off versus T.J. Hensick in Demolitions zone.
10:15 of 3rd period - Snap shot by Jordan LaVallee.
10:15 of 3rd period - Stopped by Justin Pogge with a rebound.
10:17 of 3rd period - Snap shot by T.J. Hensick.
10:17 of 3rd period - Shot Blocked by Adam Pardy.
10:27 of 3rd period - Peter Harrold is hit by Mats Zuccarello and loses puck.
10:48 of 3rd period - Petr Vrana is hit by Kris Beech.
11:14 of 3rd period - Snap shot by Brad Richardson.
11:14 of 3rd period - Deflect By Jonathan Blum.
11:14 of 3rd period - Shot Misses the Net.
11:14 of 3rd period - Puck is out of play.
11:15 of 3rd period - T.J. Hensick wins face-off versus John Mitchell in Ice Dragons zone.
11:20 of 3rd period - Snap shot by Jordan LaVallee.
11:20 of 3rd period - Shot Misses the Net.
11:50 of 3rd period - Snap shot by John Mitchell.
11:50 of 3rd period - Stopped by Brent Krahn with a rebound.
11:52 of 3rd period - Snap shot by Tyler Eckford.
11:52 of 3rd period - Shot Misses the Net.
12:10 of 3rd period - Wrist shot by John Mitchell.
12:10 of 3rd period - Stopped by Brent Krahn without a rebound.
12:11 of 3rd period - Brandon Dubinsky wins face-off versus Martin Hanzal in Demolitions zone.
12:13 of 3rd period - Minor Penalty to Anton Babchuk for Hooking.
12:14 of 3rd period - Alexander Radulov wins face-off versus Brandon Dubinsky in Demolitions zone.
12:18 of 3rd period - Snap shot by Martin Hanzal.
12:18 of 3rd period - Shot Misses the Net.
12:20 of 3rd period - Snap shot by Martin Hanzal.
12:20 of 3rd period - Goal by Martin Hanzal - Demolitions : 3 - Ice Dragons : 6.
12:21 of 3rd period - Brandon Dubinsky wins face-off versus Martin Hanzal in neutral zone.
12:41 of 3rd period - Peter Harrold is hit by Kevin Klein and loses puck.
13:00 of 3rd period - Slapshot by Adam Pardy.
13:00 of 3rd period - Deflect By Daniel Paille.
13:00 of 3rd period - Stopped by Brent Krahn without a rebound.
13:01 of 3rd period - T.J. Hensick wins face-off versus Patrick O'Sullivan in Demolitions zone.
13:06 of 3rd period - Snap shot by Anssi Salmela.
13:06 of 3rd period - Shot Blocked by Patrick O'Sullivan.
13:11 of 3rd period - Minor Penalty to Troy Brouwer for Cross-checking.
13:12 of 3rd period - Brandon Dubinsky wins face-off versus Kris Beech in Ice Dragons zone.
13:46 of 3rd period - Wrist shot by T.J. Hensick.
13:46 of 3rd period - Shot Misses the Net.
15:11 of 3rd period - Penalty to Troy Brouwer is over, Troy Brouwer is back on ice.
15:25 of 3rd period - Backhand shot by Petr Vrana.
15:25 of 3rd period - Shot Misses the Net.
15:31 of 3rd period - Wrist shot by Cal Clutterbuck.
15:31 of 3rd period - Shot Blocked by Darren Helm.
15:33 of 3rd period - Snap shot by Shean Donovan.
15:33 of 3rd period - Shot Misses the Net.
16:32 of 3rd period - Snap shot by Darren Helm.
16:32 of 3rd period - Stopped by Justin Pogge with a rebound.
16:38 of 3rd period - Wrist shot by Darren Helm.
16:38 of 3rd period - Shot Blocked by Shean Donovan.
17:18 of 3rd period - Cal Clutterbuck is hit by Peter Harrold and loses puck.
17:47 of 3rd period - Wrist shot by Cal Clutterbuck.
17:47 of 3rd period - Shot Misses the Net.
17:49 of 3rd period - Snap shot by Cal Clutterbuck.
17:49 of 3rd period - Stopped by Brent Krahn with a rebound.
17:51 of 3rd period - Snap shot by Cal Clutterbuck.
17:51 of 3rd period - Goal by Cal Clutterbuck - Demolitions : 3 - Ice Dragons : 7.
17:52 of 3rd period - Martin Hanzal wins face-off versus Brandon Dubinsky in neutral zone.
18:47 of 3rd period - Minor Penalty to Seth Helgeson for Roughing.
18:48 of 3rd period - Brandon Dubinsky wins face-off versus Martin Hanzal in Demolitions zone.
18:51 of 3rd period - Snap shot by Martin Hanzal.
18:51 of 3rd period - Shot Misses the Net.
19:01 of 3rd period - Slapshot by Martin Hanzal.
19:01 of 3rd period - Shot Blocked by Anssi Salmela.
19:03 of 3rd period - Wrist shot by Alexander Radulov.
19:03 of 3rd period - Shot Misses the Net.
Goals for this period are 0 for Demolitions vs 3 for Ice Dragons.
Shots for this period are 6 for Demolitions vs 10 for Ice Dragons.


Output by the SimonT Hockey Simulator (STHS) for François Prévost -- Original Page W3C XHTML 1.0 Valid
Hockey Simulator - Hockey Simulation - Hockey Manager